 Dungeon Sprint DCSS version 0.17-a0-1570-g74b7129 (webtiles) character file.

9370 tt080 the Genius of the Arcane (level 11, -5/54 HPs)
             Began as a Gargoyle Air Elementalist on July 23, 2015.
             Was the Champion of Sif Muna.
             Slain by an ettin
             ... wielding a +0 dire flail
              (24 damage)
             ... in the Dungeon (Sprint IX: "|||||||||||||||||||||||||||||").
             The game lasted 00:12:16 (1427 turns).

tt080 the Genius of the Arcane (GrAE)               Turns: 1427, Time: 00:12:16

Health: -5/54      AC: 22    Str: 12    XL:     11   Next: 45%
Magic:  10/25      EV: 14    Int: 25    God:    Sif Muna [******]
Gold:   16         SH:  0    Dex: 10    Spells: 7 memorised, 7 levels left

rFire  . . .     SeeInvis .     n - +2 halberd (protect)
rCold  . . .     Rnd*Rage +     r - +2 ring mail
rNeg   + . .     SustAt   .     (no shield)
rPois  ∞         Gourm    .     C - +0 helmet
rElec  +         Spirit   .     o - +0 cloak
rCorr  .         Warding  .     (no gloves)
rMut   .         NoTele   +     (no boots)
MR     .....                    (no amulet)
Stlth  +.........               q - +3 ring of intelligence
                                p - +3 ring of intelligence

@: not resistant to hostile enchantments, very unstealthy
A: berserk 1, blurry vision 1, negative energy resistance 1, sense surroundings
1, electricity resistance, slow healing 1, unbreathing, petrification
resistance, rot immunity, AC +7
a: Channel Energy, Forget Spell, Renounce Religion


You were in the Dungeon.
You worshipped Sif Muna.
Sif Muna was exalted by your worship.
You were very hungry.

You visited 1 branch You collected 16 gold pieces.

Inventory:

Hand weapons
 n - a +2 halberd of protection (weapon)
Armour
 a - a +0 robe
 o - a +0 cloak (worn)
 r - a +2 ring mail (worn)
 C - a +0 helmet (worn)
 D - a +0 cloak
Magical staves
 m - an uncursed staff of energy
Jewellery
 p - a +3 ring of intelligence (left hand)
 q - a +3 ring of intelligence (right hand)
 z - an uncursed ring of wizardry
Magical devices
 l - a wand of fire (1)
Scrolls
 i - 2 scrolls of blinking
 j - 4 scrolls of remove curse
 k - 2 scrolls of amnesia
 v - a scroll of identify
 w - 2 scrolls of fog
 x - 2 scrolls of enchant weapon
Potions
 f - a potion of haste
 g - 4 potions of magic
 s - a potion of agility
 t - a potion of might
 u - a potion of cure mutation
Books
 b - a book of Air

   Spells                             Type                      Level
   a - Shock                          Conjuration/Air              1
   b - Swiftness                      Charms/Air                   2
   c - Repel Missiles                 Charms/Air                   2
   d - Static Discharge               Conjuration/Air              3
   e - Lightning Bolt                 Conjuration/Air              5
 d - Ankimur's Catalogue of Torrid Combat Magic
   (Sif Muna gifted it to you in the Dungeon)

   Spells                             Type                      Level
   a - Shock                          Conjuration/Air              1
   b - Sting                          Conjuration/Poison           1
   c - Throw Flame                    Conjuration/Fire             2
   d - Force Lance                    Conjuration/Translocation    4
   e - Bolt of Draining               Conjuration/Necromancy       5
   f - Delayed Fireball               Conjuration/Fire             7
 e - Sif Muna's Grimoire of Cankerous Conjuration
   (Sif Muna gifted it to you in the Dungeon)

   Spells                             Type                      Level
   a - Magic Dart                     Conjuration                  1
   b - Flame Tongue                   Conjuration/Fire             1
   c - Mephitic Cloud                 Conjuration/Poison/Air       3
   d - Iskenderun's Mystic Blast      Conjuration                  4
   e - Fulminant Prism                Conjuration/Hexes            4
   f - Poison Arrow                   Conjuration/Poison           6
 y - Sif Muna's Volume of Attacks
   (Sif Muna gifted it to you in the Dungeon)

   Spells                             Type                      Level
   a - Magic Dart                     Conjuration                  1
   b - Flame Tongue                   Conjuration/Fire             1
   c - Searing Ray                    Conjuration                  2
   d - Throw Icicle                   Conjuration/Ice              4
   e - Conjure Ball Lightning         Conjuration/Air              6
Comestibles
 c - 12 bread rations
 h - a chunk of flesh
 A - 40 fruits
 B - 12 meat rations


   Skills:
 + Level 2.9 Armour
 + Level 9.8 Dodging
 - Level 2.1 Stealth
 + Level 10.7 Spellcasting
 + Level 12.3 Conjurations
 + Level 1.3 Necromancy
 + Level 10.2 Air Magic
 * Level 16.4 Invocations


You had 7 spell levels left.
You knew the following spells:

 Your Spells              Type           Power        Failure   Level  Hunger
a - Shock                 Conj/Air       ####         1%          1    None
b - Repel Missiles        Chrm/Air       #####.       1%          2    None
c - Swiftness             Chrm/Air       #####...     1%          2    None
d - Lightning Bolt        Conj/Air       ######....   3%          5    ####...
e - Conjure Ball Lightni  Conj/Air       ######....   17%         6    #####..
f - Mephitic Cloud        Conj/Pois/Air  ######..     1%          3    None
g - Bolt of Draining      Conj/Necr      #####.....   17%         5    ####...


Dungeon Overview and Level Annotations

Branches:
Dungeon (1/1)

Altars:
Cheibriados
Dithmenos
Elyvilon
Fedhas
Gozag
Kikubaaqudgha
Makhleb
Nemelex Xobeh
Okawaru
Qazlal
Ru
Sif Muna
Trog
Vehumet
Xom
Yredelemnul
Zin
The Shining One
Beogh
Jiyva
Lugonu


Innate Abilities, Weirdness & Mutations

You are resistant to torment.
Your stone body is resilient (AC +7).
You are immune to poison.
You resist negative energy.
You are resistant to electric shocks.
You can survive without breathing.
You are immune to petrification.
You are immune to rotting.
You tend to lose your temper in combat.
Scrolls take you a little longer to read.
You passively map a small area around you.
You heal slowly when monsters are visible.


Message History

This raw flesh tastes terrible.
You are feeling very hungry.
You continue eating. x2
The ettin hits you with a dire flail!
* * * LOW HITPOINT WARNING * * *
The ettin hits you but does no damage.
The orc wizard mumbles some strange words.
The orc wizard flickers and vanishes!
Deactivating autopickup; reactivate with Ctrl-A.
Casting: Lightning Bolt
Confirm with . or Enter, or press ? or * to list all spells.
Aiming: Mephitic Cloud
Press: ? - help, Shift-Dir - straight line, f - ettin
Aim: an ettin, wielding two dire flails (lightly wounded)
The ball explodes into a vile cloud!
The stinking cloud engulfs the ettin.
The ettin is lightly wounded.
The stinking cloud engulfs you!
The stinking cloud engulfs something.
Something asks, "Where am I?"
The ettin is engulfed in noxious fumes.
The ettin hits you with a dire flail!!
You die...

▓.▓.▓.▓.▓.▓
,
▓.▓.▓'▓.▓.▓
,
▓.▓.▓.▓.▓.▓,
*
▓.▓.▓.▓.▓.▓
▓.▓.▓.▓.▓.▓
*
▓(▓.▓.▓.▓.▓,
▓)▓.▓.▓.▓.▓
*
▓)▓.▓.▓.▓)▓
,
▓.▓.▓)▓.▓@▓,
,
▓[▓.▓.▓.▓C▓
,
▓)▓.▓.▓.▓{▓
* *,
▓'▓.▓.▓.▓o▓
*
▓_▓.▓.▓.▓)▓
*, ,
▓_▓.▓.▓.▓)▓,
▓_▓.▓.▓.▓.▓
▓_▓.▓'▓.▓.▓
* ,
▓_▓.▓.▓.▓


You could see an ettin and an orc priest.

Vanquished Creatures
  A dire elephant (D)
  Urug (D)
  Sonja (D)
  A hill giant (D)
  A cyclops (D)
  7 elephants (D)
  2 black mambas (D)
  3 spiny frogs (D)
  A komodo dragon (D)
  A kobold demonologist (D)
  A wraith (D)
  2 yaks (D)
  A wolf (D)
  A hippogriff (D)
  2 porcupines (D)
  3 orc warriors (D)
  A sky beast (D)
  A centaur (D)
  3 crocodiles (D)
  A giant frog (D)
  A crimson imp (D)
  3 orc priests (D)
  3 iguanas (D)
  2 shadow imps (D)
  A giant gecko (D)
  6 orcs (D)
  A bat zombie (D)
  A giant cockroach (D)
  A goblin (D)
  A jackal (D)
  A giant cockroach zombie (D)
  2 giant newts (D)
  A quokka zombie (D)
  A rat (D)
60 creatures vanquished.

Vanquished Creatures (others)
  Harold (D)
1 creature vanquished.

Grand Total: 61 creatures vanquished

Notes
Turn   | Place    | Note
--------------------------------------------------------------
     0 | D        | tt080 the Gargoyle Air Elementalist began the quest for the Orb.
     0 | D        | Reached XP level 1. HP: 10/10 MP: 3/3
     5 | D        | Reached skill level 3 in Air Magic
   169 | D        | Reached XP level 2. HP: 15/15 MP: 1/5
   185 | D        | Found a glowing silver altar of Zin.
   185 | D        | Found a glowing golden altar of the Shining One.
   185 | D        | Found an ancient bone altar of Kikubaaqudgha.
   185 | D        | Found a basalt altar of Yredelemnul.
   185 | D        | Found a shimmering altar of Xom.
   185 | D        | Found a radiant altar of Vehumet.
   189 | D        | Learned a level 2 spell: Repel Missiles
   192 | D        | Learned a level 2 spell: Swiftness
   192 | D        | Found an iron altar of Okawaru.
   193 | D        | Found a burning altar of Makhleb.
   194 | D        | Found a deep blue altar of Sif Muna.
   195 | D        | Found a bloodstained altar of Trog.
   196 | D        | Found a sparkling altar of Nemelex Xobeh.
   197 | D        | Found a white marble altar of Elyvilon.
   198 | D        | Found a roughly hewn altar of Beogh.
   199 | D        | Found a viscous altar of Jiyva.
   200 | D        | Found a corrupted altar of Lugonu.
   201 | D        | Found a blossoming altar of Fedhas.
   202 | D        | Became a worshipper of Sif Muna the Loreminder
   203 | D        | Found a snail-covered altar of Cheibriados.
   204 | D        | Found a shadowy altar of Dithmenos.
   205 | D        | Found a stormy altar of Qazlal.
   206 | D        | Found an opulent altar of Gozag.
   207 | D        | Found a sacrificial altar of Ru.
   371 | D        | Noticed a crocodile
   371 | D        | Noticed an orc priest
   371 | D        | Noticed a hill giant
   371 | D        | Noticed a wraith
   371 | D        | Noticed a centaur
   415 | D        | Killed an orc priest
   415 | D        | Reached skill level 4 in Air Magic
   415 | D        | Reached XP level 3. HP: 19/19 MP: 5/7
   419 | D        | Killed a wraith
   419 | D        | Acquired Sif Muna's first power
   419 | D        | Reached skill level 5 in Air Magic
   419 | D        | Reached skill level 6 in Invocations
   419 | D        | Reached XP level 4. HP: 21/24 MP: 5/10
   419 | D        | Reached XP level 5. HP: 24/28 MP: 5/11
   421 | D        | Killed a hill giant
   421 | D        | Acquired Sif Muna's second power
   421 | D        | Reached skill level 5 in Dodging
   421 | D        | Reached skill level 7 in Conjurations
   421 | D        | Reached skill level 9 in Invocations
   421 | D        | Reached XP level 6. HP: 20/32 MP: 3/15
   421 | D        | Reached XP level 7. HP: 22/36 MP: 3/16
   422 | D        | Killed a crocodile
   429 | D        | Killed a centaur
   429 | D        | Reached skill level 10 in Invocations
   482 | D        | Noticed a sky beast
   482 | D        | Noticed a kobold demonologist
   482 | D        | Noticed a cyclops
   482 | D        | Noticed a crimson imp
   486 | D        | Noticed a neqoxec
   486 | D        | Killed a crimson imp
   491 | D        | Killed a kobold demonologist
   491 | D        | Acquired Sif Muna's third power
   491 | D        | Reached XP level 8. HP: 29/41 MP: 8/18
   496 | D        | Killed a cyclops
   496 | D        | Reached skill level 11 in Invocations
   530 | D        | Killed a sky beast
   537 | D        | Gained mutation: Scrolls take you a little longer to read. [mutagenic meat]
   538 | D        | Gained mutation: You passively map a small area around you. [mutagenic meat]
   539 | D        | Gained mutation: You tend to lose your temper in combat. [mutagenic meat]
   541 | D        | Gained mutation: You heal slowly when monsters are visible. [mutagenic meat]
   723 | D        | Noticed an iguana
   723 | D        | Noticed a porcupine
   723 | D        | Noticed a spiny frog
   723 | D        | Noticed a crocodile
   723 | D        | Noticed an iguana
   723 | D        | Noticed an iguana
   727 | D        | Noticed a yak
   727 | D        | Killed an iguana
   728 | D        | Killed an iguana
   730 | D        | Killed an iguana
   730 | D        | Reached XP level 9. HP: 39/45 MP: 13/20
   731 | D        | Noticed a komodo dragon
   731 | D        | Killed a crocodile
   732 | D        | Killed a porcupine
   732 | D        | Reached skill level 12 in Invocations
   735 | D        | Killed a yak
   739 | D        | Killed a spiny frog
   746 | D        | Killed a komodo dragon
   746 | D        | Received a gift from Sif Muna
   749 | D        | Identified Sif Muna's Volume of Attacks (Sif Muna gifted it to you in the Dungeon)
   756 | D        | Learned a level 5 spell: Lightning Bolt
   763 | D        | Learned a level 6 spell: Conjure Ball Lightning
   933 | D        | Noticed a yak
   952 | D        | Killed a yak
   952 | D        | Reached skill level 13 in Invocations
   968 | D        | Noticed a spiny frog
   968 | D        | Noticed a wolf
   968 | D        | Noticed a crocodile
   968 | D        | Noticed a black mamba
   968 | D        | Noticed a hippogriff
   968 | D        | Noticed a giant frog
   971 | D        | Killed a wolf
   971 | D        | Reached skill level 10 in Conjurations
   971 | D        | Killed a crocodile
   971 | D        | Killed a black mamba
   974 | D        | Noticed a black mamba
   975 | D        | Noticed a spiny frog
   976 | D        | Killed a hippogriff
   976 | D        | Reached XP level 10. HP: 41/50 MP: 7/22
   977 | D        | Noticed a porcupine
   977 | D        | Killed a spiny frog
   977 | D        | Killed a giant frog
   977 | D        | Killed a spiny frog
   977 | D        | Reached skill level 14 in Invocations
   983 | D        | Killed a black mamba
   983 | D        | Killed a porcupine
   997 | D        | Noticed an elephant
   997 | D        | Noticed an elephant
   997 | D        | Noticed an elephant
   997 | D        | Noticed an elephant
   997 | D        | Noticed an elephant
   997 | D        | Noticed an elephant
  1006 | D        | Noticed a dire elephant
  1017 | D        | Killed an elephant
  1018 | D        | Killed an elephant
  1018 | D        | Received a gift from Sif Muna
  1018 | D        | Killed an elephant
  1019 | D        | Identified Sif Muna's Grimoire of Cankerous Conjuration (Sif Muna gifted it to you in the Dungeon)
  1058 | D        | Learned a level 3 spell: Mephitic Cloud
  1157 | D        | Killed an elephant
  1157 | D        | Reached skill level 15 in Invocations
  1158 | D        | Killed an elephant
  1160 | D        | Killed an elephant
  1160 | D        | Reached skill level 10 in Spellcasting
  1165 | D        | Killed a dire elephant
  1165 | D        | Reached XP level 11. HP: 52/54 MP: 2/25
  1194 | D        | Noticed an elephant
  1201 | D        | Killed an elephant
  1283 | D        | Noticed Harold
  1285 | D        | Noticed Sonja
  1300 | D        | Killed Sonja
  1300 | D        | Reached skill level 1 in Armour
  1300 | D        | Reached skill level 10 in Air Magic
  1300 | D        | Reached skill level 16 in Invocations
  1303 | D        | Killed Harold
  1303 | D        | Received a gift from Sif Muna
  1308 | D        | Identified Ankimur's Catalogue of Torrid Combat Magic (Sif Muna gifted it to you in the Dungeon)
  1315 | D        | Learned a level 5 spell: Bolt of Draining
  1337 | D        | Noticed Urug
  1353 | D        | Killed Urug
  1353 | D        | Reached skill level 1 in Necromancy
  1407 | D        | Noticed an orc priest
  1407 | D        | Noticed an orc warrior
  1407 | D        | Noticed an orc priest
  1408 | D        | Killed an orc priest
  1408 | D        | Killed an orc priest
  1409 | D        | Noticed an orc warrior
  1409 | D        | Killed an orc warrior
  1412 | D        | Noticed an orc warrior
  1414 | D        | Noticed an orc wizard
  1414 | D        | Killed an orc warrior
  1417 | D        | Killed an orc warrior
  1419 | D        | Noticed an ettin
  1422 | D        | Noticed an orc priest
  1427 | D        | Slain by an ettin

Vault maps used:
D:        linesprint

Action                   |  1- 3 |  4- 6 |  7- 9 | 10-12 || total
-------------------------+-------+-------+-------+-------++-------
Melee: Unarmed           |    18 |       |       |       ||    18
       Halberd           |       |       |    34 |       ||    34
 Cast: Shock             |     7 |     1 |    41 |     1 ||    50
       Lightning Bolt    |       |       |     9 |    36 ||    45
       Swiftness         |       |       |     2 |       ||     2
       Mephitic Cloud    |       |       |       |     3 ||     3
Invok: Channel Energy    |       |       |    21 |    40 ||    61
Evoke: Wand              |     3 |     1 |     2 |       ||     6
  Use: Potion            |     3 |       |     1 |     9 ||    13
       Scroll            |     1 |       |       |       ||     1
  Eat: Chunk             |       |       |    10 |     6 ||    16
       Bread ration      |       |       |       |     2 ||     2
